 Dungeon Crawl Stone Soup version 0.21.1-1-g345015f (webtiles) character file.

301 Krilegs the Caller (level 6, 0/70 HPs)
             Began as a Hill Orc Summoner on May 7, 2018.
             Succumbed to a worker ant's poison
             ... on level 3 of the Dungeon.
             The game lasted 00:13:06 (3747 turns).

Krilegs the Caller (Hill Orc Summoner)              Turns: 3747, Time: 00:13:07

Health: 0/70       AC: 27    Str: 11    XL:     6   Next: 37%
Magic:  1/11       EV:  2    Int: 17    God:
Gold:   184        SH:  0    Dex: 16    Spells: 8/11 levels left

rFire    . . .     SeeInvis .   i - -2 dagger (curse)
rCold    . . .     Gourm    .   (no shield)
rNeg     + + +     Faith    .   (armour currently unavailable)
rPois    +         Spirit   .   (helmet currently unavailable)
rElec    .         Reflect  .   (cloak currently unavailable)
rCorr    .         Harm     .   (gloves currently unavailable)
MR       .....     NoTele   +   (boots currently unavailable)
Stlth    +++.......             h - amulet of rage
HPRegen  0.21/turn              e - ring of wizardry
MPRegen  0.12/turn              m - +4 ring of protection

@: agile, lethally poisoned (0 -> -9), tree-form
A: no striking features
a: Evoke Berserk Rage


You were on level 3 of the Dungeon.
You were very hungry.
You were a tree.
You visited 1 branch of the dungeon, and saw 4 of its levels.

You collected 184 gold pieces.

Inventory:

Hand Weapons
 d - a +0 mace
 i - a cursed -2 dagger (weapon)
 r - a cursed +0 quarterstaff
Armour
 a - a +1 robe (melded)
 c - a +0 robe
Jewellery
 e - a ring of wizardry (left branch)
 h - an amulet of rage (around neck)
 m - a +4 ring of protection (right branch)
Wands
 q - a wand of polymorph (13)
Potions
 f - a potion of cancellation
 g - a potion of brilliance
 k - a potion of ambrosia {unknown}
 n - 2 potions of might {unknown}
 o - a potion of curing {unknown}
Books
 b - a book of Callings

   Spells                             Type                      Level
   a - Summon Small Mammal            Summoning                    1
   b - Call Imp                       Summoning                    2
   c - Call Canine Familiar           Summoning                    3
   d - Summon Guardian Golem          Hexes/Summoning              3
   e - Summon Lightning Spire         Summoning/Air                4
   f - Summon Ice Beast               Ice/Summoning                4
Comestibles
 p - 3 rations


   Skills:
 + Level 1.3 Fighting
 + Level 0.5 Short Blades
 + Level 2.1 Dodging
 + Level 1.7 Stealth
 + Level 3.4 Spellcasting
 + Level 5.6 Summonings


You had 8 spell levels left.
You knew the following spells:

 Your Spells              Type           Power        Failure   Level  Hunger
a - Summon Small Mammal   Summ           ###.         1%          1    None
b - Call Imp              Summ           ###.....     1%          2    ##.....


Dungeon Overview and Level Annotations

Branches:
Dungeon (4/15)
 Temple: D:4-7

Altars:
Dithmenos
Sif Muna

Annotations:
D:4 Ijyb


Message History

The worker ant bites you but does no damage.
Your crimson imp hits the worker ant.
Unknown command.
* * * LOW HITPOINT WARNING * * *
You feel sick. The worker ant barely misses you.
Your crimson imp hits the worker ant but does no damage.
* * * LOW HITPOINT WARNING * * *
You feel sick.
The worker ant bites you but does no damage. x2
Your crimson imp closely misses the worker ant.
* * * LOW HITPOINT WARNING * * *
You feel sick.
The worker ant waves its antennae.
The worker ant bites you but does no damage.
Your crimson imp barely misses the worker ant.
* * * LOW HITPOINT WARNING * * *
You feel sick.
The worker ant bites you but does no damage.
Your crimson imp closely misses the worker ant.
You die...

#### ##.###.###..# #..
######.#.####..# ####..
#.......>......#####.....
#.##........>.....#......
#.##.#..##........#......
#.##....##........#.###..
##.##.#.###........#.##...
#.........#........#.##...
#...?....♣a.(......#.##.##
#...<....5##.......#...5..
#.........#############.##
#.........# #.#
#...).....# #.#
#.........# ######### #(#
#.........# #.......###.#
#.........###.##........#
##.##............##.#####


You could see a worker ant and a friendly crimson imp.

Vanquished Creatures
  A dart slug (D:1)
  A giant cockroach (D:2)
  A hobgoblin (D:1)
  3 jackals (D:2)
  A frilled lizard (D:2)
  3 kobolds (D:1)
  3 rats
13 creatures vanquished.

Vanquished Creatures (collateral kills)
  Grinder (D:3)
  Sigmund (D:3)
  A bullfrog skeleton (D:3)
  Jessica (D:2)
  Natasha (thrice) (D:2)
  5 adders
  2 worms
  2 dart slugs (D:1)
  2 leopard geckos
  An orc (D:2)
  A ball python (D:1)
  2 giant cockroaches
  3 goblins (D:1)
  5 hobgoblins
  3 jackals
  A kobold (D:3)
  5 bats
  3 frilled lizards
  3 rats
45 creatures vanquished.

Grand Total: 58 creatures vanquished

Notes
Turn   | Place    | Note
-------+----------+-------------------------------------------
     0 | D:1      | Krilegs the Hill Orc Summoner began the quest for the Orb.
     0 | D:1      | Reached XP level 1. HP: 14/14 MP: 3/3
   683 | D:1      | Reached XP level 2. HP: 16/20 MP: 1/4
   859 | D:1      | Learned a level 2 spell: Call Imp
  1437 | D:2      | Noticed Jessica
  1444 | D:2      | Killed Jessica
  1444 | D:2      | Reached XP level 3. HP: 13/26 MP: 0/6
  1836 | D:2      | Found a deep blue altar of Sif Muna.
  1836 | D:2      | Found a shadowy altar of Dithmenos.
  1891 | D:2      | Noticed Natasha
  1895 | D:2      | Killed Natasha
  1895 | D:2      | Reached XP level 4. HP: 25/34 MP: 0/7
  2155 | D:2      | Noticed Natasha
  2167 | D:2      | Killed Natasha
  2691 | D:2      | Noticed Natasha
  2699 | D:2      | Killed Natasha
  2842 | D:3      | Reached XP level 5. HP: 28/39 MP: 1/9
  3265 | D:3      | Noticed Sigmund
  3276 | D:3      | Killed Sigmund
  3276 | D:3      | Reached skill level 1 in Fighting
  3276 | D:3      | Reached skill level 5 in Summonings
  3445 | D:3      | Noticed Grinder
  3467 | D:3      | Killed Grinder
  3467 | D:3      | Reached XP level 6. HP: 47/47 MP: 0/11
  3703 | D:4      | Noticed Ijyb
  3744 | D:3      | HP: 3/70 [poisoned by a worker ant]
  3746 | D:3      | HP: 1/70 [poisoned by a worker ant]
  3747 | D:3      | Succumbed to a worker ant's poison

Skill      XL: |  1  2  3  4  5 |
---------------+----------------+-----
Spellcasting   | 2 3 |  3.4
Dodging        | 2 |  2.1
Fighting       | 1 |  1.3
Summonings     | 5 |  5.6
Short Blades   | |  0.5
Stealth        | |  1.7

Action                   |  1- 3 |  4- 6 || total
-------------------------+-------+-------++-------
Melee: Unarmed           |    23 |     2 ||    25
       Club              |     6 |       ||     6
       Dagger            |    21 |    48 ||    69
       Mace              |     8 |       ||     8
 Cast: Summon Small Mamm |    37 |    15 ||    52
       Call Imp          |    23 |    45 ||    68
  Use: Scroll            |     3 |     5 ||     8
       Potion            |     3 |     2 ||     5
  Eat: Ration            |     1 |       ||     1
       Chunk             |     1 |     8 ||     9
Armor: Robe              |    16 |    40 ||    56
       Skin              |       |     5 ||     5
Dodge: Dodged            |    62 |    87 ||   149
